 Dungeon Crawl Stone Soup version 0.28.0 (webtiles) character file.

Game seed: 5839179146459625410

1209 BobtheApe the Fighter (level 8, -11/78 HPs)
             Began as a Minotaur Fighter on Feb 9, 2022.
             Was an Initiate of Ru.
             Mangled by Maggie (15 damage)
             ... on level 6 of the Dungeon.
             The game lasted 00:21:29 (5345 turns).

BobtheApe the Fighter (Minotaur Fighter)            Turns: 5345, Time: 00:21:29

Health: -11/78     AC: 19    Str: 24    XL:     8   Next: 22%
Magic:  7/7        EV:  7    Int:  5    God:    Ru [......]
Gold:   80         SH:  4    Dex:  9    Spells: 7/7 levels left

rFire   . . .      SeeInvis .   a - +0 war axe
rCold   . . .      Faith    .   c - +0 buckler
rNeg    . . .      Spirit   .   g - +0 plate armour
rPois   .          Reflect  .   (helmet restricted)
rElec   .          Harm     .   i - +1 cloak
rCorr   .          Rampage  .   t - +0 pair of gloves
Will    .....                   s - +0 pair of boots
Stlth   ..........              (no amulet)
HPRegen 0.23/turn               (no ring)
MPRegen 0.10/turn               (no ring)

@: mighty, mesmerised, studying Shields
A: horns 2, retaliatory headbutt
a: Renounce Religion


You were on level 6 of the Dungeon.
You worshipped Ru.
Ru was noncommittal.
You visited 2 branches of the dungeon, and saw 7 of its levels.

You collected 242 gold pieces.
You spent 146 gold pieces at shops.
You donated 16 gold pieces to Zin.

Inventory:

Hand Weapons
 a - a +0 war axe (weapon)
Missiles
 e - 6 javelins (quivered)
 w - a throwing net
Armour
 b - a +0 scale mail
 c - a +0 buckler (worn)
 g - a +0 plate armour (worn)
 i - a +1 cloak (worn)
 s - a +0 pair of boots (worn)
 t - a +0 pair of gloves (worn)
Jewellery
 l - a ring of fire
Wands
 u - a wand of mindburst (12)
 v - a wand of acid (10)
Scrolls
 h - 3 scrolls of enchant weapon
 j - 2 scrolls of amnesia
 o - a scroll of fear
 p - 2 scrolls of teleportation
 y - a scroll of brand weapon {unknown}
Potions
 d - 2 potions of might
 f - 2 potions of mutation
 k - 2 potions of curing
 m - a potion of lignification
 n - a potion of berserk rage {unknown}
 q - a potion of ambrosia {unknown}
 r - a potion of invisibility {unknown}
 x - a potion of magic {unknown}
 z - a potion of haste {unknown}
 A - a potion of heal wounds {unknown}


   Skills:
 + Level 9.2 Fighting
 - Level 2.4 Axes
 + Level 9.0 Armour
 - Level 3.6 Shields


You had 7 spell levels left.
You didn't know any spells.
Your spell library was empty.

Dungeon Overview and Level Annotations

Branches:
Dungeon (6/15)             Temple (1/1) D:4

Altars:
Ashenzari
Dithmenos
Elyvilon
Gozag
Hepliaklqana
Kikubaaqudgha
Makhleb
Nemelex Xobeh
Okawaru
Qazlal
Ru
Sif Muna
Trog
Uskayaw
Vehumet
Wu Jian
Xom
Zin
The Shining One

Shops:
D:5 :?=*?

Annotations:
D:5 2 transporters
D:6 Maggie


Innate Abilities, Weirdness & Mutations

You have a pair of horns on your head.
You reflexively headbutt those who attack you in melee.


Message History

A white imp comes into view.
Your Armour skill increases to level 9!
A white imp is nearby!
The white imp gestures at you. The puff of frost hits you.
The white imp closely misses you.
You slash the white imp!
You kill the white imp!
No target in view!
No target in view!
Maggie the Vainglorious comes into view.
She is wielding a +1 morningstar of distortion.
Press: ? - help, v - describe, . - travel
Here: Maggie, wielding a +1 morningstar of distortion and wearing +0 swamp dragon scales The floor.
You hit Maggie. You headbutt Maggie, but do no damage.
Maggie is lightly wounded.
Maggie barely misses you.
You slash Maggie!
Maggie is lightly wounded.
You block Maggie's attack. x2
You barely miss Maggie. Your headbutt misses Maggie.
Maggie is lightly wounded.
Maggie hits you with a +1 morningstar of distortion!
Space warps horribly around you!!
You hit Maggie. You headbutt Maggie.
Maggie is moderately wounded.
Maggie mumbles some strange words.
Maggie attempts to bespell you!
You are mesmerised by Maggie!
Maggie hits you but does no damage. Space warps horribly around you!!
You are too injured to fight recklessly!
You hit Maggie.
Maggie is moderately wounded.
Maggie hits you but does no damage. Space warps horribly around you!!
* * * LOW HITPOINT WARNING * * *
You feel very mighty all of a sudden.
Maggie hits you with a +1 morningstar of distortion.
* * * LOW HITPOINT WARNING * * *
Space warps horribly around you!
You die...

##### ##....#### .
##........#### ..#
#............##..#
##......>......#.#
#................#
#...............#
#.........@@....#
......>........##
.....$..)...#..#
...........##.##
###
.........###..#
###.. #.....####
#..# ##.... ##.###
##.## ##..... ##
#..## ##...... ###
##.#.# ##.......


You could see Maggie (mesmerising).

Vanquished Creatures
  Prince Ribbit (D:5)
  Sigmund (D:3)
  Menkaure (D:4)
  A water moccasin (D:5)
  A sky beast (D:5)
  An ogre (D:4)
  A phantom (D:4)
  A howler monkey (D:6)
  2 hounds
  A jelly (D:4)
  An iguana (D:4)
  A killer bee zombie (D:5)
  5 adders
  5 gnolls
  A white imp (D:6)
  3 ufetubi
  3 adder skeletons
  9 dart slugs
  7 orcs
  5 ball pythons
  5 endoplasms
  A giant cockroach (D:2)
  7 goblins
  3 hobgoblins
  2 jackals (D:2)
  2 kobolds
  2 quokkas
  3 bats
  5 frilled lizards
  6 rats
87 creatures vanquished.

Vanquished Creatures (others)
  4 plants (D:4)
4 creatures vanquished.

Grand Total: 91 creatures vanquished

Notes
Turn   | Place    | Note
-------+----------+-------------------------------------------
     0 | D:1      | BobtheApe the Minotaur Fighter began the quest for the Orb.
     0 | D:1      | Reached XP level 1. HP: 19/19 MP: 0/0
   320 | D:1      | Reached XP level 2. HP: 27/27 MP: 1/1
   408 | D:1      | Found a faded altar of an unknown god.
   415 | D:1      | Prayed at the altar of an unknown god.
   415 | D:1      | Became a worshipper of Zin the Law-Giver
   415 | D:1      | Reached * piety under Zin
   657 | D:1      | Reached ** piety under Zin
   774 | D:2      | Reached XP level 3. HP: 34/34 MP: 2/2
  1091 | D:2      | Reached skill level 5 in Fighting
  1546 | D:3      | Reached XP level 4. HP: 37/42 MP: 3/3
  1597 | D:3      | Noticed Sigmund
  1618 | D:3      | Killed Sigmund
  1619 | D:3      | Reached skill level 5 in Armour
  1619 | D:3      | Reached XP level 5. HP: 35/50 MP: 4/4
  2052 | D:3      | Reached *** piety under Zin
  2146 | D:3      | Reached XP level 6. HP: 58/58 MP: 5/5
  2988 | D:4      | Found a staircase to the Ecumenical Temple.
  3079 | D:4      | Noticed Menkaure
  3086 | D:4      | Killed Menkaure
  3087 | D:4      | Reached XP level 7. HP: 67/67 MP: 6/6
  3603 | Temple   | Entered the Ecumenical Temple
  3714 | Temple   | Fell from the grace of Zin
  3714 | Temple   | Became a worshipper of Ru the Awakened
  3749 | D:5      | Entered Level 5 of the Dungeon
  3813 | D:5      | Found Isefuad's Magic Scroll Shop.
  3818 | D:5      | Bought a scroll of identify for 30 gold pieces
  3818 | D:5      | Bought a scroll of identify for 30 gold pieces
  3818 | D:5      | Bought a scroll of identify for 30 gold pieces
  4205 | D:5      | Found an opulent altar of Gozag.
  4308 | D:5      | Found a transporter.
  4375 | D:5      | Noticed a fire bat
  4376 | D:5      | Noticed a fire bat
  4421 | D:5      | Found Demoep's Magic Scroll Shoppe.
  4430 | D:5      | Bought a scroll of identify for 28 gold pieces
  4430 | D:5      | Bought a scroll of identify for 28 gold pieces
  4430 | D:5      | Identified a scroll of acquirement
  4431 | D:5      | Acquired a manual of Shields
  4701 | D:5      | Noticed Prince Ribbit
  4722 | D:5      | Killed Prince Ribbit
  4723 | D:5      | Reached XP level 8. HP: 22/78 MP: 7/7
  4976 | D:5      | Found a transporter.
  5029 | D:5      | Found Qiom's Assorted Antiques.
  5051 | D:5      | Found Zitzuveh's Jewellery Emporium.
  5162 | D:5      | Found Cerhom's Book Boutique.
  5336 | D:6      | Noticed Maggie
  5345 | D:6      | Mangled by Maggie

Illustrated notes

Levels and vault maps discovered:
D:1:      lemuel_arrival_broad_hall, layout_basic,
          dilly_ecumenical_altar_fadedgnrine
D:2:      layout_loops_ring, amcnicky_mini_rare_corridor_liquid
D:3:      kennysheep_slugbush, layout_basic, minmay_surrounded, uniq_sigmund
D:4:      layout_loops_corners, minmay_temple_entry_tees, serial_forest,
          infiniplex_forest_straight_2, infiniplex_forest_straight_2,
          infiniplex_forest_lined_corner, infiniplex_forest_clump_diagonal,
          infiniplex_forest_clump_cross, infiniplex_forest_clump_small,
          infiniplex_forest_corner_1, infiniplex_forest_clump_small,
          uniq_menkaure
D:5:      gammafunk_cloud_chamber, layout_basic, grunt_gozag_breadcrumbs,
          serial_shops, shop, nicolae_shop_trees, nicolae_diamond_shop, shop,
          nicolae_shop_hallway_plus, serial_park_tiny_1, uniq_prince_ribbit1
D:6:      layout_cave_pods, serial_shops, nicolae_shop_hallway_stairs,
          uniq_maggie
Temple:   mainiacjoe_temple_coin_purse

Skill      XL: |  1  2  3  4  5  6  7  8 |
---------------+-------------------------+-----
Fighting       | 4 5 6 7 9 |  9.2
Armour         | 4 5 6 7 8 9 |  9.0
Axes           | |  2.4
Shields        | |  3.6

Action                   |  1- 3 |  4- 6 |  7- 9 || total
-------------------------+-------+-------+-------++-------
Melee: War axe           |    69 |    96 |    85 ||   250
       Headbutt          |     7 |    13 |    19 ||    39
Invok: Recite            |       |     1 |       ||     1
  Use: Scroll            |       |     3 |     6 ||     9
       Potion            |       |       |     1 ||     1
Armor: Plate armour      |    56 |    60 |    46 ||   162
       Scale mail        |     1 |       |       ||     1
Dodge: Dodged            |    29 |    26 |    29 ||    84
Block: Buckler           |    14 |    22 |    20 ||    56
